 Dungeon Crawl Stone Soup version 0.32-a0-999-gfa1cc04b1d (webtiles) character file.

Game seed: 16044949649480801239

13892 bananaken the Destroyer (level 11, -1/87 HPs)
             Began as a Demonspawn Conjurer on Apr 24, 2024.
             Was an Initiate of Gozag.
             Slain by a cane toad (16 damage)
             ... on level 1 of the Lair of Beasts.
             The game lasted 00:41:04 (10780 turns).

bananaken the Destroyer (Demonspawn Conjurer)      Turns: 10780, Time: 00:41:04

Health: -1/87      AC: 12    Str:  7 (8)  XL:     11   Next: 81%
Magic:  14/19      EV: 10    Int: 19 (22) God:    Gozag
Gold:   2188       SH:  4    Dex:  9 (12) Spells: 9/20 levels left

rFire   + . .        o - staff of Execution {^Drain rPois rF+ rCorr Stlth+ Alchemy}
rCold   + . .        (no shield)
rNeg    . . .        u - +1 leather armour {rF+}
rPois   +            (helmet restricted)
rElec   .            (no cloak)
rCorr   +            C - +0 pair of gloves {Stlth+}
SInv    .            x - +0 pair of boots
Will    .....        d - amulet of regeneration
Stlth   +++          s - ring of ice
HPRegen 1.14/turn    r - ring of resist corrosion
MPRegen 0.16/turn

%: no passive effects
@: mighty, attractive, studying Fighting
A: horns 1, rugged brown scales 2, icemail 1, condensation shield
a: Renounce Religion, Potion Petition, Call Merchant, Bribe Branch


You were on level 1 of the Lair of Beasts.
You worshipped Gozag.
Gozag was most pleased with you.
You visited 2 branches of the dungeon, and saw 10 of its levels.

You collected 2237 gold pieces.
You paid 49 gold pieces to Gozag.

Inventory:

Hand Weapons
 e - a +2 dagger of venom
Missiles
 f - a curare-tipped dart
Armour
 u - a +1 leather armour of fire resistance (worn)
 x - a +0 pair of boots (worn)
 C - a +0 pair of gloves of stealth (worn)
Magical Staves
 o - the staff of Execution (weapon) {^Drain rPois rF+ rCorr Stlth+ Alchemy}
   (You took it off a centaur on level 8 of the Dungeon)

   [staff of alchemy]

   Base accuracy: +5 Base damage: 5 Base attack delay: 1.2 This weapon's minimum
   attack delay (0.6) is reached at skill level 12.
   rF+:       It protects you from fire.
   rPois:     It protects you from poison.
   rCorr:     It protects you from acid and corrosion.
   ^Drain:    It drains your maximum health when unequipped.
   Stlth+:    It makes you more stealthy.
   Alchemy:   It increases the power of your Alchemy spells.
   It falls into the 'Staves' category.
   It is a one-handed weapon.
 D - a staff of death
Jewellery
 a - a ring of see invisible
 d - an amulet of regeneration (around neck)
 r - a ring of resist corrosion (right hand)
 s - a ring of ice (left hand)
Talismans
 w - a storm talisman
Wands
 v - a wand of polymorph (12)
Scrolls
 g - 2 scrolls of revelation {unknown}
 h - 2 scrolls of poison {unknown}
 j - a scroll of enchant armour {unknown}
 k - 7 scrolls of identify
 n - 3 scrolls of noise {unknown}
 q - 4 scrolls of fog {unknown}
 t - a scroll of torment {unknown}
 y - 3 scrolls of amnesia {unknown}
 z - 3 scrolls of immolation {unknown}
Potions
 b - a potion of magic
 c - 2 potions of brilliance
 i - a potion of curing
 l - a potion of degeneration
 A - a potion of enlightenment {unknown}
 B - a potion of resistance {unknown}


   Skills:
 + Level 6.5 Fighting
 - Level 4.1 Short Blades
 + Level 3.5 Staves
 - Level 4.2 Armour
 - Level 3.4 Dodging
 - Level 1.7 Stealth
 - Level 5.4 Spellcasting
 + Level 11.2 Conjurations
 - Level 5.2 Translocations
 + Level 8.3 Fire Magic
 + Level 3.9 Evocations


You had 9 spell levels left.
You knew the following spells:

 Your Spells              Type           Power      Damage    Failure   Level
a - Magic Dart            Conj           100%       1d8       1%          1
b - Foxfire               Conj/Fire      100%       2x1d9     1%          1
c - Starburst             Conj/Fire      21%        6d7       43%         6
d - Volatile Blastmotes   Fire/Tloc      60%        2d15      3%          3

Your spell library contained the following spells:

 Spells                   Type           Power      Damage    Failure   Level
 Apportation              Tloc           50%        N/A       1%          1
 Searing Ray              Conj           94%        2d7       1%          2
 Stone Arrow              Conj/Erth      52%        3d10      5%          3
 Iskenderun's Mystic Bla Conj/Tloc 36%            2d9        (+2d4     6%          4
 Necrotise                Necr           20%        1d5       17%         1
 Sandblast                Erth           10%        2d5       17%         1
 Fulminant Prism          Conj/Alch      19%        3d10      17%         4
 Jinxbite                 Hex            10%        N/A       26%         2
 Passwall                 Erth           5%         N/A       45%         3
 Vampiric Draining        Necr           5%         2d6       45%         3
 Martyr's Knell           Necr/Summ      5%         N/A       86%         4
 Alistair's Intoxication  Alch           4%         N/A       99%         5
 Curse of Agony           Necr           5%         N/A       99%         5
 Plasma Beam              Fire/Air       10%        2x1d21    99%         6


Dungeon Overview and Level Annotations

Branches:
Dungeon (9/15)             Temple (0/1) D:6            Lair (1/5) D:8
    Orc (0/2) D:9

Altars:
Ashenzari
Cheibriados
Fedhas
Gozag
Kikubaaqudgha
Nemelex Xobeh
Okawaru
Trog
Wu Jian

Shops:
D:4 [


Innate Abilities, Weirdness & Mutations

You have a pair of small horns on your head.
You are mostly covered in rugged brown scales. (AC +2, +5% HP)
A meltable icy envelope protects you from harm. (AC +4)
A meltable shield of frost defends you. (SH +4)


Message History

The foxfire hits the cane toad.
The cane toad is heavily wounded.
The cane toad stings you!
You are more poisoned.
The cane toad poisons you!
You barely miss the cane toad. You headbutt the cane toad.
The cane toad is heavily wounded.
You feel extremely sick. The cane toad stings you!
Casting: Foxfire (safe; 1% risk of failure)
Confirm with . or Enter, or press ? or * to list all spells.
You conjure some foxfire!
You feel extremely sick. The cane toad stings you!
* * * LOW HITPOINT WARNING * * *
Your foxfire dissipates!
You feel very sick.
The foxfire hits the cane toad but does no damage.
The cane toad is heavily wounded.
Okay, then.
You feel better. The cane toad stings you!
* * * LOW HITPOINT WARNING * * *
The cane toad stings you.
* * * LOW HITPOINT WARNING * * *
Aiming: Polymorph
Press: ? - help, Shift-Dir - straight line, f - cane toad
Aim: a cane toad (heavily wounded, will become a rime drake, a polar bear, or a queen bee, chance to affect: 59%)
Okay, then.
It was a potion of degeneration.
There was something very wrong with that liquid.
You feel weakened.
You feel dopey.
You feel clumsy. The cane toad closely misses you.
It was a potion of attraction.
You feel attractive to monsters. You block the cane toad's attack.
It was a potion of might.
You feel very mighty all of a sudden. The cane toad stings you!
You die...
Your body crumbles into a pile of gold.

........# ~.......#
≈~.......# ≈≈.......#
......... .###......#
.. ............#
..............F#
..............@###
....##..#......#.####
....................#
....................#
....................#
....................#
....................#
...............#P..##
.....PPP.......##..#


You could see a cane toad.

Vanquished Creatures
  A centaur warrior (D:9)
  3 two-headed ogres
  A boulder beetle (D:8)
  An arcanist (D:8)
  A manticore (D:8)
  A meliai (D:8)
  A black mamba (Lair:1)
  A rime drake (D:8)
  A cane toad (Lair:1)
  A kobold demonologist (D:8)
  2 trolls
  Grinder (D:4)
  A ynoxinul (D:8)
  Sigmund (D:2)
  2 wyverns (D:8)
  14 yaks
  A steam dragon (D:7)
  Menkaure (D:5)
  An acid dragon (D:9)
  5 sky beasts
  9 orc warriors
  2 ice beasts (D:8)
  A black bear (D:8)
  An ogre (D:5)
  2 phantoms (D:6)
  3 centaurs
  2 kobold brigands (D:8)
  5 bullfrogs
  A gnoll sergeant (D:6)
  4 scorpions
  10 wights
  12 killer bees
  2 howler monkeys
  2 bombardier beetles
  A hound (D:7)
  A jelly (D:6)
  11 orc priests
  A gnoll bouda (D:8)
  3 sleepcaps
  4 iguanas
  7 orc wizards
  6 adders
  13 gnolls
  A shadow imp (D:7)
  2 white imps
  3 dart slugs (D:2)
  4 ribbon worms
  62 orcs
  5 endoplasms
  2 giant cockroaches (D:1)
  6 goblins
  3 hobgoblins
  7 jackals
  3 quokkas
  4 ball pythons
  3 bats
  9 kobolds
  4 rats
262 creatures vanquished.

Vanquished Creatures (collateral kills)
  2 foxfires (Lair:1)
2 creatures vanquished.

Vanquished Creatures (others)
  1200 foxfires
1200 creatures vanquished.

Grand Total: 1464 creatures vanquished

Notes
Turn   | Place    | Note
-------+----------+-------------------------------------------
     0 | D:1      | bananaken the Demonspawn Conjurer began the quest for the
                  | Orb.
     0 | D:1      | Reached XP level 1. HP: 13/13 MP: 3/3
    83 | D:1      | Learned a level 1 spell: Foxfire
   320 | D:1      | Gained mutation: A meltable shield of frost defends you.
                  | (SH +4) [demonic ancestry]
   320 | D:1      | Reached XP level 2. HP: 19/19 MP: 1/5
   751 | D:2      | Noticed Sigmund
   844 | D:2      | Reached skill level 1 in Fire Magic
   847 | D:2      | Reached XP level 3. HP: 24/24 MP: 0/6
   953 | D:2      | Killed Sigmund
   954 | D:2      | Reached skill level 5 in Conjurations
   954 | D:2      | Gained mutation: You have a pair of small horns on your
                  | head. [demonic ancestry]
   954 | D:2      | Reached XP level 4. HP: 19/30 MP: 1/9
   954 | D:2      | Reached XP level 5. HP: 23/35 MP: 1/10
  1750 | D:3      | Found a broken altar of Ashenzari.
  1750 | D:3      | Found a blossoming altar of Fedhas.
  1871 | D:3      | Gained mutation: You are partially covered in rugged brown
                  | scales. (AC +1, +3% HP) [demonic ancestry]
  1871 | D:3      | Reached XP level 6. HP: 24/42 MP: 5/11
  2349 | D:4      | Found a sparkling altar of Nemelex Xobeh.
  2411 | D:4      | Learned a level 6 spell: Starburst
  2517 | D:4      | Found Ytokhlois's Antique Armour Boutique.
  2652 | D:4      | Noticed Grinder
  2760 | D:4      | Killed Grinder
  2761 | D:4      | Gained mutation: A meltable icy envelope protects you from
                  | harm. (AC +4) [demonic ancestry]
  2761 | D:4      | Reached XP level 7. HP: 47/47 MP: 3/13
  2837 | D:4      | Found a bloodstained altar of Trog.
  2837 | D:4      | Found an iron altar of Okawaru.
  2845 | D:4      | Found a faded altar of an unknown god.
  2847 | D:4      | Found a faded altar of an unknown god.
  2849 | D:4      | Found an opulent altar of Gozag.
  2852 | D:4      | Became a worshipper of Gozag Ym Sagoz the Greedy
  2933 | D:4      | Reached skill level 6 in Conjurations
  3318 | D:5      | Entered Level 5 of the Dungeon
  3517 | D:5      | Reached skill level 1 in Fighting
  3517 | D:5      | Reached skill level 1 in Short Blades
  3790 | D:5      | Found an ancient bone altar of Kikubaaqudgha.
  3860 | D:5      | Noticed Menkaure
  3865 | D:5      | Killed Menkaure
  3900 | D:5      | Gained mutation: You are mostly covered in rugged brown
                  | scales. (AC +2, +5% HP) [demonic ancestry]
  3900 | D:5      | Reached XP level 8. HP: 50/57 MP: 13/15
  4236 | D:6      | Reached skill level 5 in Spellcasting
  4248 | D:6      | Reached skill level 7 in Conjurations
  4828 | D:5      | Learned a level 3 spell: Volatile Blastmotes
  4916 | D:6      | Reached XP level 9. HP: 60/64 MP: 9/17
  5025 | D:6      | Reached skill level 8 in Conjurations
  5252 | D:6      | Reached skill level 1 in Translocations
  5346 | D:6      | Found a staircase to the Ecumenical Temple.
  5425 | D:6      | Reached skill level 5 in Fire Magic
  5968 | D:7      | Reached skill level 9 in Conjurations
  6074 | D:7      | Found an ornate altar of the Wu Jian Council.
  6142 | D:7      | Noticed a troll
  6151 | D:7      | Killed a troll
  6152 | D:7      | Reached skill level 1 in Armour
  6452 | D:8      | Found a staircase to the Lair.
  6508 | D:8      | Noticed a troll
  6516 | D:8      | Killed a troll
  6517 | D:8      | Reached XP level 10. HP: 58/70 MP: 0/18
  6625 | D:8      | Noticed a boulder beetle
  6763 | D:8      | Killed a boulder beetle
  6841 | D:8      | Noticed a two-headed ogre
  6851 | D:8      | Killed a two-headed ogre
  7138 | D:8      | Reached skill level 10 in Conjurations
  7179 | D:8      | Identified the +3 leather armour "Xeus" {^Contam Harm
                  | Regen+ Stlth+}
  7179 | D:8      | Noticed a meliai
  7184 | D:8      | Killed a meliai
  7205 | D:8      | Noticed a rust devil
  7297 | D:8      | Noticed an arcanist
  7341 | D:8      | Noticed a manticore
  7357 | D:8      | Reached skill level 5 in Translocations
  7791 | D:8      | Identified the staff of Execution {^Drain rPois rF+ rCorr
                  | Stlth+ Alchemy}
  8073 | D:8      | Reached XP level 11. HP: 63/78 MP: 5/19
  8237 | D:8      | Noticed a two-headed ogre
  8253 | D:8      | Killed a two-headed ogre
  8254 | D:8      | Reached skill level 1 in Staves
  8254 | D:8      | Reached skill level 1 in Evocations
  8571 | D:8      | Killed an arcanist
  8791 | D:9      | Noticed a two-headed ogre
  8803 | D:9      | Killed a two-headed ogre
  8990 | D:9      | Reached skill level 5 in Fighting
  9387 | D:9      | Found a snail-covered altar of Cheibriados.
  9410 | D:9      | Noticed a centaur warrior
  9556 | D:9      | Killed a centaur warrior
  9557 | D:9      | Reached skill level 11 in Conjurations
  9777 | D:9      | Found a staircase to the Orcish Mines.
 10638 | Lair:1   | Entered Level 1 of the Lair of Beasts
 10780 | Lair:1   | Slain by a cane toad

Illustrated notes

Levels and vault maps discovered:
D:1:      beargit_arrival_diablo_church, layout_basic
D:2:      layout_basic, uniq_sigmund
D:3:      layout_basic, gammafunk_temple_overflow_pools, item_on_display_a
D:4:      layout_basic, chequers_temple_overflow_minitemple,
          nemelex_xobeh_ov_fountains_minmay, serial_shops, shop, uniq_grinder
D:5:      layout_loops_ring, nicolae_kikubaaqudgha_miasma_corner, uniq_menkaure
D:6:      layout_loops_cross, minmay_temple_entry_fiery
D:7:      layout_gridville, nicolae_wu_jian_immortal_techniques,
          grunt_ministairs_7
D:8:      minmay_the_grid_octo_tiled_octocenter [minmay_the_grid_octo_clover,
          minmay_the_grid_octo_chip, minmay_the_grid_octo_pinwheel,
          minmay_the_grid_octo_77,
          minmay_the_grid_octo_prize_ultimate_mussel_roller,
          minmay_the_grid_square_5x5_beaten_path,
          minmay_the_grid_square_5x5_n_small,
          minmay_the_grid_square_5x5_inner_v, minmay_the_grid_square_5x5_empty],
          layout_gridville, lair_entry_dummy
D:9:      layout_roguey, cheibrodos_worm_habitat, hiddenorc2_lemuel
Lair:1:   layout_gridlike, st_stairs_9

Skill      XL: |  1  2  3  4  5  6  7  8  9 10 11 |
---------------+----------------------------------+-----
Fire Magic     | 1 2 3 4 6 7 8 |  8.3
Spellcasting   | 3 4 5 |  5.4
Conjurations   | 5 6 7 9 10 11 | 11.2
Dodging        | 2 3 |  3.4
Fighting       | 1 2 3 6 |  6.5
Short Blades   | 1 3 4 |  4.1
Translocations | 3 5 |  5.2
Armour         | 1 4 |  4.2
Staves         | 3 |  3.5
Evocations     | 3 |  3.9
Stealth        | |  1.7

Action                     |  1- 3 |  4- 6 |  7- 9 | 10-12 || total
---------------------------+-------+-------+-------+-------++-------
  Melee: Dagger            |    16 |    33 |   126 |    56 ||   231
         Headbutt          |       |     7 |    30 |    29 ||    66
         Staff             |       |       |       |   111 ||   111
   Cast: Foxfire           |    26 |    88 |   224 |   393 ||   731
         Magic Dart        |     2 |       |     1 |     1 ||     4
         Volatile Blastmot |       |       |    17 |    43 ||    60
  Evoke: Wand              |       |       |       |    12 ||    12
    Use: Potion            |     1 |     1 |     3 |    13 ||    18
         Scroll            |       |       |       |     8 ||     8
   Stab: Sleeping          |     1 |     1 |     1 |       ||     3
         Paralysed         |       |       |       |    21 ||    21
         Invisible         |       |       |       |     3 ||     3
 Armour: Robe              |    17 |    27 |    65 |       ||   109
         Leather armour    |       |       |    81 |   294 ||   375
         Skin              |       |       |       |    36 ||    36
  Dodge: Dodged            |     7 |    24 |    93 |   165 ||   289
  Block: Other             |     3 |    13 |    21 |    43 ||    80

Table legend: (Time is in decaauts)
 A = Elapsed time spent in this place.
 B = Non-inter-level travel time spent in this place.
 C = Inter-level travel time spent in this place.
 D = Time resting spent in this place.
 E = Time spent auto-exploring this place.
 F = Levels seen in this place.
 G = Mean time per level.
                   A        B        C        D        E       F      G
               +--------+--------+--------+--------+--------+-----+--------+
         Total |  10759 |  10344 |    415 |   2816 |   4930 |  10 | 1075.9 |
       Dungeon |  10618 |  10204 |    414 |   2749 |   4905 |   9 | 1179.8 |
          Lair |    140 |    140 |      0 |     67 |     25 |   1 |  140.0 |
               +--------+--------+--------+--------+--------+-----+--------+

Top non-repeatable levels by time:
     D:8: 2098 daAuts
     D:9: 1815 daAuts
     D:6: 1314 daAuts
     D:7: 1212 daAuts
     D:4: 977 daAuts
     D:3: 876 daAuts
     D:5: 856 daAuts
     D:1: 798 daAuts
     D:2: 669 daAuts
  Lair:1: 140 daAuts
